Map: Graystone Ravine

Players

DizzyRogue

  • Race: Terran Terran
  • Spawn Location: 11:00

iver

  • Race: Terran Terran
  • Spawn Location: 9:00

OhLala - Winner!

  • Race: Protoss Protoss
  • Spawn Location: 3:00

Gracz - Winner!

  • Race: Terran Terran
  • Spawn Location: 5:00

VOD

Have the link to the VOD?

Description

Time

  • Played on: May 2, 2016, 5:41 a.m.
  • Length: 8:31
Show
View Real Time Build Order
Export as new Build Order

DizzyRogue Terran 

Build Orders:  

Get SALT Encoding   

  12  0:01  SCV  
  13  0:13  SCV  
  14  0:25  SCV  
  15  0:30  Supply Depot  
  15  0:35  Refinery  
  15  0:45  Refinery  
  15  0:53  Barracks  
  16  1:01  SCV  
  16  1:13  SCV  
  17  1:25  SCV  
  18  1:34  Supply Depot  
  18  1:42  Reaper  
  18  1:47  Barracks  
  19  1:54  Orbital Command  
  19  2:04  Supply Depot  
  19  2:14  Reaper  
  20  2:20  SCV  
  21  2:35  Barracks, Reaper  
  22  2:39  SCV  
  23  2:51  SCV  
  24  3:04  Marine  
  25  3:21  Marine  
  25  3:24  Marine  
  27  3:29  Engineering Bay  
  27  3:31  SCV  
  28  3:43  SCV  
  28  3:44  Barracks  
  28  3:47  Barracks  
  29  3:56  Terran Infantry Weapons Level 1  
  29  4:02  Barracks  
  29  4:04  SCV  
  30  4:10  Barracks Tech Lab  
  30  4:11  Barracks Reactor x2, Command Center  
  30  4:18  SCV  
  19  4:34  Missile Turret  
  5  4:55  Missile Turret  
  5  4:57  SCV  
  6  5:06  Marine x4  
  9  5:07  Marine x2  
  11  5:15  SCV  
  7  5:24  Marine  
  7  5:31  Marine  
  7  5:32  Marine x3  
  7  5:34  SCV  
  6  5:40  Marine  
  6  5:42  Marine  
  8  5:46  SCV  
  9  5:56  Marine x3  
  8  5:58  SCV  
  8  6:03  Marine x2  
  5  6:22  Marine x2  
  7  6:31  Marine  
  7  6:32  Marine  
  4  6:40  Marine x2  
  3  7:25  Marine  
  3  7:27  Orbital Command  
  4  7:43  Marine  
Show
View Real Time Build Order
Export as new Build Order

iver Terran 

Build Orders:  

Get SALT Encoding   

  12  0:11  Supply Depot  
  12  0:29  SCV  
  13  0:35  Barracks  
  13  0:41  SCV  
  14  0:51  Refinery  
  14  1:08  SCV  
  15  1:20  SCV  
  15  1:23  Supply Depot  
  16  1:32  SCV  
  17  1:37  Refinery  
  17  1:44  SCV  
  18  1:56  SCV  
  18  1:58  Marine  
  20  2:18  Factory  
  20  3:04  Starport  
  20  3:07  Widow Mine  
  22  3:35  Widow Mine  
Show
View Real Time Build Order
Export as new Build Order

OhLala Protoss - Winner!

Build Orders: Oracle Opening 

Get SALT Encoding   

  12  0:01  Probe (Chrono Boost)  
  13  0:12  Probe (Chrono Boost)  
  14  0:24  Pylon  
  14  0:29  Probe (Chrono Boost)  
  15  0:43  Gateway  
  15  0:49  Assimilator  
  15  0:50  Assimilator  
  15  0:52  Probe (Chrono Boost)  
  16  1:02  Probe (Chrono Boost)  
  17  1:13  Probe (Chrono Boost)  
  18  1:23  Probe (Chrono Boost)  
  19  1:34  Probe (Chrono Boost)  
  20  1:45  Cybernetics Core  
  21  1:47  Probe (Chrono Boost)  
  21  1:54  Pylon  
  21  1:57  Probe (Chrono Boost)  
  22  2:08  Probe (Chrono Boost)  
  23  2:23  Stargate  
  25  2:30  Mothership Core (Chrono Boost)  
  25  2:36  Pylon  
  25  2:40  Pylon  
  25  2:48  Probe (Chrono Boost)  
  26  2:58  Stalker (Chrono Boost)  
  28  2:59  Probe (Chrono Boost)  
  29  3:10  Oracle (Chrono Boost)  
  29  3:11  Probe  
  33  3:40  Warp Gate  
  33  3:42  Nexus  
  33  3:50  Oracle (Chrono Boost)  
  33  3:54  Probe  
  37  4:06  Probe  
  36  4:18  Probe  
  36  4:21  Oracle (Chrono Boost)  
  40  4:52  Oracle (Chrono Boost)  
  43  4:57  Probe  
  44  5:10  Probe  
  45  5:22  Probe, Gateway  
  45  5:25  Gateway  
  46  5:29  Gateway  
  46  5:34  Probe  
  47  5:47  Oracle (Chrono Boost)  
  50  6:24  Oracle  
  53  6:27  Assimilator  
  53  6:30  Assimilator  
  53  6:35  Probe (Chrono Boost)  
  53  6:38  Pylon  
  54  6:42  Pylon  
  54  6:45  Stalker x3  
  54  6:46  Stalker  
  62  7:39  Stalker  
  62  7:40  Stalker x3  
Show
View Real Time Build Order
Export as new Build Order

Gracz Terran - Winner!

Build Orders:  

Get SALT Encoding   

  12  0:01  SCV  
  13  0:15  Refinery  
  13  0:25  Supply Depot  
  13  0:33  SCV  
  14  0:45  SCV  
  14  0:46  Refinery  
  15  0:58  SCV  
  16  1:10  SCV  
  17  1:22  SCV  
  17  1:25  Supply Depot  
  18  1:34  Barracks, SCV  
  19  1:48  Barracks  
  19  1:58  Supply Depot  
  19  2:23  SCV  
  20  2:32  Barracks Reactor  
  20  2:35  Barracks Reactor  
  18  3:20  Reaper x3  
  18  3:21  Reaper  
  22  3:27  SCV  
  23  3:39  SCV  
  24  3:52  Reaper  
  24  3:53  Reaper x3  
  28  4:24  Reaper  
  28  4:25  Reaper x3  
  32  4:56  Reaper  
  32  4:57  Reaper x3  
  32  5:44  Orbital Command  
  32  6:00  Reaper x4  
  36  6:32  Reaper x2  
  38  6:33  Reaper  
Tags
 
Add a new tag
Caveats
  • Supply blocks, unpowered buildings, or Contaminate may cause inaccurate times.
  • Supply counts are checked every 10 seconds.